 Dungeon Sprint DCSS version 0.20-a0-16-g0876c8e (webtiles) character file.

1164 Naow the Cleaver (level 8, -3/85 HPs)
             Began as a Minotaur Berserker on Nov 4, 2016.
             Was a High Priest of Trog.
             Shot with an arrow by a centaur warrior (16 damage)
             ... in the Dungeon (Sprint IX: "|||||||||||||||||||||||||||||").
             The game lasted 00:02:45 (550 turns).

Naow the Cleaver (Minotaur Berserker)                Turns: 550, Time: 00:02:45

Health: -3/85      AC: 11    Str: 24    XL:     8   Next: 17%
Magic:  7/7        EV: 11    Int:  9    God:    Trog [*****.]
Gold:   0          SH:  0    Dex: 11    Spells: 0 memorised, 7 levels left

rFire  . . .     SeeInvis .     r - +3 war axe (freeze)
rCold  . . .     Gourm    .     o - +1 chain mail
rNeg   . . .     Faith    .     (no shield)
rPois  .         Spirit   .     (helmet restricted)
rElec  .         Reflect  .     (no cloak)
rCorr  .         Harm     .     (no gloves)
MR     .....     NoTele   +     (no boots)
Stlth  ..........               (no amulet)
                                q - +3 ring of intelligence
                                p - +3 ring of strength

@: exhausted, very slightly contaminated, slowed, invisible, very slow
A: retaliatory headbutt, horns 2
a: Berserk, Trog's Hand, Brothers in Arms, Burn Spellbooks, Renounce Religion


You were in the Dungeon.
You worshipped Trog.
Trog was extremely pleased with you.
You were very hungry.

You visited 1 branch

Inventory:

Hand Weapons
 a - a +0 hand axe
 k - a +0 war axe
 r - a +3 war axe of freezing (weapon)
Armour
 b - a +0 animal skin
 n - a +0 pair of boots
 o - a +1 chain mail (worn)
Jewellery
 p - a +3 ring of strength (left hand)
 q - a +3 ring of intelligence (right hand)
Wands
 m - a wand of lightning (7/15)
Scrolls
 i - 2 scrolls of blinking
 l - 3 scrolls of remove curse
Potions
 d - 4 potions of curing
 f - a potion of haste
 g - 4 potions of magic
 h - a potion of berserk rage
Comestibles
 c - a bread ration
 s - 4 chunks of flesh


   Skills:
 + Level 12.8 Fighting
 + Level 14.3 Axes
 + Level 7.3 Armour
 + Level 6.4 Dodging


You had 7 spell levels left.
You didn't know any spells.

Dungeon Overview and Level Annotations

Branches:
Dungeon (1/1)

Altars:
Cheibriados
Dithmenos
Elyvilon
Fedhas
Gozag
Hepliaklqana
Kikubaaqudgha
Makhleb
Nemelex Xobeh
Okawaru
Qazlal
Ru
Sif Muna
Trog
Uskayaw
Vehumet
Xom
Yredelemnul
Zin
The Shining One
Beogh
Jiyva
Lugonu


Innate Abilities, Weirdness & Mutations

You reflexively headbutt those who attack you in melee.
You have a pair of horns on your head.


Message History

There is an iron altar of Okawaru here.
The centaur warrior shoots an arrow.
The arrow hits the troll!
There is a sparkling altar of Nemelex Xobeh here.
There is a burning altar of Makhleb here.
The centaur warrior shoots an arrow.
The arrow hits the troll!
The troll dies!
The troll leather armour is intact enough to wear.
The centaur warrior shoots an arrow.
The arrow hits you!!
There is a corrupted altar of Lugonu, spattered with blood here.
The centaur warrior shoots an arrow.
The arrow hits you.
* * * LOW HITPOINT WARNING * * *
The centaur warrior shoots an arrow.
The arrow hits you!!
* * * LOW HITPOINT WARNING * * *
There is an ancient bone altar of Kikubaaqudgha, spattered with blood here.
You see here 2 arrows.
There is a viscous altar of Jiyva here.
You feel much better.
The centaur warrior shoots an arrow.
The arrow hits you!!
* * * LOW HITPOINT WARNING * * *
The centaur warrior shoots an arrow.
The arrow hits you!
You die... ▓▓▓▓▓▓▓▓▓▓▓▓▓▓▓▓▓▓▓▓▓▓▓▓▓▓▓▓▓▓▓▓▓ ...')....'______@__c_____________ ▓▓▓▓▓▓▓▓▓▓▓▓▓▓▓▓▓▓▓▓▓▓▓▓▓▓▓▓▓▓▓▓▓

You could see a centaur warrior.

Vanquished Creatures
  A hill giant (D)
  A hornet (D)
  A hungry ghost (D)
  2 ogres (D)
  A bullfrog (D)
  A scorpion (D)
  A hound (D)
  A jelly (D)
  2 adders (D)
  A shadow imp (D)
  A leopard gecko (D)
  An orc (D)
  A bat (D)
  A goblin (D)
  A kobold (D)
  A quokka (D)
  A rat (D)
19 creatures vanquished.

Vanquished Creatures (others)
  A troll (D)
  An orc warrior (D)
2 creatures vanquished.

Grand Total: 21 creatures vanquished

Notes
Turn   | Place    | Note
-------+----------+-------------------------------------------
     0 | D        | Naow the Minotaur Berserker began the quest for the Orb.
     0 | D        | Reached XP level 1. HP: 19/19 MP: 0/0
     8 | D        | Reached skill level 4 in Axes
    12 | D        | Reached ** piety under Trog
   154 | D        | Noticed a scorpion
   154 | D        | Noticed an ogre
   158 | D        | Reached skill level 5 in Fighting
   158 | D        | Reached skill level 5 in Axes
   158 | D        | Reached XP level 2. HP: 29/29 MP: 1/1
   161 | D        | Killed a scorpion
   161 | D        | Reached *** piety under Trog
   161 | D        | Reached skill level 6 in Axes
   161 | D        | Reached XP level 3. HP: 38/38 MP: 2/2
   163 | D        | Reached skill level 7 in Axes
   163 | D        | Reached XP level 4. HP: 47/47 MP: 3/3
   168 | D        | Killed an ogre
   168 | D        | Reached skill level 9 in Axes
   168 | D        | Reached XP level 5. HP: 27/56 MP: 4/4
   390 | D        | Found a roughly hewn altar of Beogh.
   390 | D        | Found a snail-covered altar of Cheibriados.
   390 | D        | Found a shadowy altar of Dithmenos.
   390 | D        | Found a white marble altar of Elyvilon.
   390 | D        | Found a blossoming altar of Fedhas.
   390 | D        | Found an opulent altar of Gozag.
   391 | D        | Found a hazy altar of Hepliaklqana.
   392 | D        | Found a viscous altar of Jiyva.
   393 | D        | Found an ancient bone altar of Kikubaaqudgha.
   394 | D        | Found a corrupted altar of Lugonu.
   395 | D        | Found a burning altar of Makhleb.
   396 | D        | Found a sparkling altar of Nemelex Xobeh.
   397 | D        | Found an iron altar of Okawaru.
   398 | D        | Found a stormy altar of Qazlal.
   399 | D        | Found a sacrificial altar of Ru.
   400 | D        | Found a deep blue altar of Sif Muna.
   401 | D        | Found a bloodstained altar of Trog.
   402 | D        | Found a hide-covered altar of Uskayaw.
   403 | D        | Found a radiant altar of Vehumet.
   404 | D        | Found a shimmering altar of Xom.
   405 | D        | Found a basalt altar of Yredelemnul.
   406 | D        | Found a glowing silver altar of Zin.
   407 | D        | Found a glowing golden altar of the Shining One.
   458 | D        | Noticed an ogre
   458 | D        | Noticed a hungry ghost
   463 | D        | Reached **** piety under Trog
   469 | D        | Killed an ogre
   469 | D        | Reached skill level 10 in Axes
   469 | D        | Reached skill level 5 in Armour
   469 | D        | Reached XP level 6. HP: 60/66 MP: 5/5
   472 | D        | Reached skill level 10 in Fighting
   472 | D        | Reached skill level 5 in Dodging
   476 | D        | Killed a hungry ghost
   476 | D        | Reached ***** piety under Trog
   476 | D        | Reached skill level 11 in Axes
   493 | D        | Noticed a hill giant
   493 | D        | Noticed a hornet
   493 | D        | Noticed an orc warrior
   493 | D        | Noticed a troll
   493 | D        | Noticed a centaur warrior
   518 | D        | Killed a hill giant
   518 | D        | Reached skill level 13 in Axes
   518 | D        | Reached XP level 7. HP: 69/77 MP: 6/6
   526 | D        | Killed a hornet
   526 | D        | Reached skill level 14 in Axes
   526 | D        | Reached XP level 8. HP: 43/85 MP: 7/7
   546 | D        | Killed a troll
   547 | D        | HP: 3/85 [centaur warrior/arrow (18)]
   550 | D        | Shot with an arrow by a centaur warrior

Vault maps used:
D:        linesprint

Skill      XL: |  1  2  3  4  5  6  7 |
---------------+----------------------+-----
Fighting       | 5 6 7 8 9 12 | 12.8
Axes           | 5 6 7 9 10 13 14 | 14.3
Armour         | 3 4 5 6 7 |  7.3
Dodging        | 3 4 6 |  6.4

Action                   |  1- 3 |  4- 6 |  7- 9 || total
-------------------------+-------+-------+-------++-------
Melee: Hand axe          |    21 |     6 |       ||    27
       Headbutt          |     1 |     7 |     3 ||    11
       War axe           |       |    22 |    10 ||    32
Invok: Berserk           |     1 |     2 |       ||     3
  Use: Potion            |       |       |     5 ||     5
Armor: Animal skin       |     3 |       |       ||     3
       Chain mail        |       |    12 |     2 ||    14
Dodge: Dodged            |    10 |     7 |     4 ||    21
